Description

x

Replay - Has v Nice: Game 1 - 2000 Atmospheres LE

Build Order

Get SALT Encoding   

  12  0:00  Probe  
  13  0:12  Probe  
  14  0:17  Pylon  
  14  0:24  Probe (Chrono Boost)  
  16  0:37  Probe x2 (Chrono Boost)  
  16  0:38  Gateway  
  16  0:45  Assimilator  
  17  0:52  Probe (Chrono Boost)  
  17  0:54  Assimilator  
  18  1:05  Probe (Chrono Boost)  
  18  1:07  Gateway  
  19  1:13  Probe (Chrono Boost)  
  20  1:19  Probe  
  20  1:24  Cybernetics Core  
  21  1:30  Pylon  
  21  1:34  Probe  
  23  2:00  Stalker x2  
  23  2:01  Warp Gate  
  28  2:11  Pylon  
  28  2:30  Stalker x2  
  28  2:31  Twilight Council  
  32  2:52  Shield Battery  
  32  3:00  Shield Battery  
  32  3:01  Blink (Chrono Boost)  
  32  3:05  Gateway  
  33  3:18  Pylon  
  34  3:43  Gateway  
  34  3:49  Stalker x2  
  38  3:57  Pylon  
  38  4:01  Stalker  
  40  4:12  Stalker  
  42  4:20  Shield Battery  
  42  4:23  Stalker  
  44  4:27  Sentry  
  46  4:40  Stalker  
Spawning Tool Build Advisor. Get it on Overwolf

Analysis

x

Go to:

Details

  • Created by: charles5
  • Published on: Dec 17, 2021
  • Modified on: Dec 17, 2021
  • Patch: 4.11.0
  • Difficulty: Hard
Show
View Real Time Build Order
Export as new Build Order

Comments (0)

There are no comments. Be the first!

Create an account to comment!